 Dungeon Crawl Stone Soup version 0.28.0-43-g3370ac3207 (webtiles) character file.

Game seed: 15097662066284664960

126 sanboga the Skirmisher (level 5, -9/33 HPs)
             Began as a Gargoyle Fighter on Mar 1, 2022.
             Mangled by a gnoll
             ... wielding a +2 vorpal halberd
              (10 damage)
             ... on level 2 of the Dungeon.
             The game lasted 00:02:39 (1763 turns).

sanboga the Skirmisher (Gargoyle Fighter)           Turns: 1763, Time: 00:02:40

Health: -9/33      AC: 18    Str: 22    XL:     5   Next: 10%
Magic:  5/5        EV:  6    Int:  8    God:
Gold:   45         SH:  4    Dex:  9    Spells: 4/4 levels left

rFire   . . .      SeeInvis .   a - +0 war axe
rCold   . . .      Faith    .   c - +0 buckler
rNeg    + . .      Spirit   .   i - +0 plate armour
rPois   ∞          Reflect  .   (no helmet)
rElec   +          Harm     .   (no cloak)
rCorr   .          Rampage  .   (no gloves)
Will    .....                   f - +1 pair of boots
Stlth   ..........              (no amulet)
HPRegen 0.11/turn               (no ring)
MPRegen 0.09/turn               (no ring)

@: no status effects
A: sickness immunity, AC +4, negative energy resistance 1, electricity
resistance, torment resistance 1, petrification resistance
a: no special abilities


You were on level 2 of the Dungeon.
You visited 1 branch of the dungeon, and saw 2 of its levels.

You collected 45 gold pieces.

Inventory:

Hand Weapons
 a - a +0 war axe (weapon)
Armour
 c - a +0 buckler (worn)
 f - a +1 pair of boots (worn)
 i - a +0 plate armour (worn)
Wands
 b - a wand of iceblast (6)
Potions
 d - 2 potions of might
 h - 2 potions of degeneration {unknown}


   Skills:
 + Level 4.0 Fighting
 * Level 3.2 Axes
 + Level 4.0 Armour
 + Level 4.0 Shields


You had 4 spell levels left.
You didn't know any spells.
Your spell library was empty.

Dungeon Overview and Level Annotations

Branches:
Dungeon (2/15)

Altars:
Uskayaw


Innate Abilities, Weirdness & Mutations

You are immune to sickness and miasma.
Your stone body is resilient. (AC +4)
You are immune to poison.
You resist negative energy. (rN+)
You are resistant to electric shocks. (rElec)
You are resistant to unholy torment.
You are immune to petrification.


Message History

A gnoll comes into view. It is wielding a +0 whip.
You have reached level 5!
The gnoll shouts!
You hear a shout!
A gnoll comes into view. It is wielding a +2 vorpal halberd.
The gnoll shouts!
You barely miss the gnoll. The gnoll closely misses you.
You slash the gnoll!
The gnoll is heavily wounded.
The gnoll hits you from afar with a +2 vorpal halberd.
The gnoll hits you but does no damage. You block the gnoll's attack.
The gnoll hits you from afar with a +2 vorpal halberd!
You are too injured to fight recklessly!
You are too injured to fight recklessly!
You are too injured to fight recklessly!
You hit the gnoll.
The gnoll is severely wounded.
You block the gnoll's attack. The gnoll barely misses you.
You completely miss the gnoll.
The gnoll is severely wounded.
You block the gnoll's attack. The gnoll barely misses you.
You barely miss the gnoll.
The gnoll is severely wounded.
The gnoll hits you from afar with a +2 vorpal halberd.
The gnoll closely misses you. You block the gnoll's attack.
The gnoll barely misses you.
You slash the gnoll!
You kill the gnoll!
The gnoll hits you but does no damage.
It was a potion of curing.
You feel better. The gnoll barely misses you.
The gnoll hits you with a +2 vorpal halberd!
* * * LOW HITPOINT WARNING * * *
x2 You see here a +0 whip.
You hit the gnoll but do no damage. You block the gnoll's attack.
You hit the gnoll but do no damage.
The gnoll hits you with a +2 vorpal halberd.
* * * LOW HITPOINT WARNING * * *
x2 The gnoll hits you but does no damage.
You closely miss the gnoll.
The gnoll hits you with a +2 vorpal halberd!
You die...

.#
#.....#
.#
#.....#
.#
#.##.###
.#
#......#
.#
######.#
.# #.#
(# #.#
.# #.#
## #@#
#####
#g#
.....
#.#
#####
#.# #.#
#.# #.#
...


You could see a gnoll.

Vanquished Creatures
  Jessica (D:2)
  An adder (D:2)
  5 gnolls
  3 bats
  3 endoplasms (D:2)
  A giant cockroach (D:1)
  5 goblins (D:1)
  7 hobgoblins
  5 jackals (D:1)
  A quokka (D:1)
  3 frilled lizards
  3 kobolds
  4 rats
  A spectral goblin (D:1)
43 creatures vanquished.

Notes
Turn   | Place    | Note
-------+----------+-------------------------------------------
     0 | D:1      | sanboga the Gargoyle Fighter began the quest for the Orb.
     0 | D:1      | Reached XP level 1. HP: 14/14 MP: 1/1
   280 | D:1      | Reached XP level 2. HP: 19/19 MP: 2/2
   577 | D:1      | Found a faded altar of an unknown god.
   755 | D:1      | Reached XP level 3. HP: 23/23 MP: 3/3
  1309 | D:1      | Reached XP level 4. HP: 14/29 MP: 4/4
  1588 | D:2      | Noticed Jessica
  1604 | D:2      | Killed Jessica
  1733 | D:2      | Found a hide-covered altar of Uskayaw.
  1750 | D:2      | Reached XP level 5. HP: 33/33 MP: 5/5
  1762 | D:2      | HP: 1/33 [gnoll/+2 vorpal halberd (1)]
  1763 | D:2      | Mangled by a gnoll

Illustrated notes

Levels and vault maps discovered:
D:1:      dpeg_arrival_morbid_curiosity, layout_loops_ring,
          dreamdust_ecumenical_altar_drowned_temple
D:2:      layout_loops_ring, basic_altar, nrook_loot_triangle,
          kennysheep_another_room, minmay_misc_feat_columns, minmay_tripent,
          uniq_natasha, uniq_crazy_yiuf_cottage, uniq_jessica

Skill      XL: |  1  2  3  4 |
---------------+-------------+-----
Axes           | 2 3 |  3.2
Fighting       | 4 |  4.0
Armour         | 4 |  4.0
Shields        | 4 |  4.0

Action                   |  1- 3 |  4- 6 || total
-------------------------+-------+-------++-------
Melee: War axe           |    94 |    59 ||   153
  Use: Scroll            |     1 |       ||     1
       Potion            |       |     1 ||     1
Armor: Scale mail        |    70 |       ||    70
       Plate armour      |    11 |    35 ||    46
Dodge: Dodged            |    43 |    24 ||    67
Block: Buckler           |    24 |    17 ||    41
